 Yiufcrawl Soup (a DCSS fork) version 1.5.2b1-yiuf-19-g91104ff (webtiles) character file.

8015 Fisto the Blocker (level 11, -5/83 HPs)
             Began as a Human Fighter on Nov 13, 2017.
             Was a Believer of Ru.
             Killed by divine providence
             ... invoked by a smoke demon
              (10 damage)
             ... on level 2 of the Abyss.
             The game lasted 01:08:53 (11093 turns).

Fisto the Blocker (Human Fighter)                  Turns: 11093, Time: 01:08:53

Health: -5/83      AC: 16    Str: 19      XL:     11   Next: 47%
Magic:  11/11      EV:  8    Int:  4 (9)  God:    Ru [**....]
Gold:   325        SH: 17    Dex: 13      Spells: 10/10 levels left

rFire    . . .     SeeInvis +   C - +4 short sword (speed)
rCold    . . .     Gourm    .   c - +1 shield
rNeg     . . .     Faith    .   b - +0 chain mail
rPois    .         Spirit   .   (no helmet)
rElec    .         Reflect  +   M - +2 cloak
rCorr    .         Harm     .   (no gloves)
MR       .....                  G - +2 pair of boots
Stlth    ..........             I - +4 amulet of reflection
Regen    0.3/turn               u - ring of see invisible
MPRegen  0.2/turn               (no ring)

@: hasted, very quick
A: screaming 2, no potion heal 2, inability to read while threatened, no ice
magic, no necromancy magic, no summoning magic
a: Renounce Religion


You were on level 2 of the Abyss.
You worshipped Ru.
Ru was pleased with you.
You were not hungry.

You visited 2 branches of the dungeon, and saw 11 of its levels.
You visited the Abyss 1 time.

You collected 481 gold pieces.
You spent 156 gold pieces at shops.

Inventory:

Hand Weapons
 a - a +3 halberd of freezing
 y - a +0 blowgun
 C - a +4 short sword of speed (weapon)
 E - a +2 trident of protection
 O - a +0 scimitar of holy wrath
Missiles
 d - 14 tomahawks (quivered)
 j - 4 needles of paralysis
 q - 10 needles of confusion
 z - 36 poisoned needles
Armour
 b - a +0 chain mail (worn)
 c - a +1 shield (worn)
 G - a +2 pair of boots (worn)
 M - a +2 cloak (worn)
Jewellery
 u - a ring of see invisible (left hand)
 I - a +4 amulet of reflection (around neck)
 N - an uncursed ring of ice
Wands
 t - a wand of iceblast (0/15)
 v - a wand of enslavement (5/24)
 w - a wand of random effects (0/48)
 L - a wand of scattershot (0/9)
Scrolls
 e - 2 scrolls of fog
 g - 3 scrolls of identify
 i - 4 scrolls of remove curse
 l - 4 scrolls of amnesia
 D - 2 scrolls of immolation
 H - a scroll of blinking
Potions
 n - a potion of ambrosia
 o - a potion of flight
 p - 2 potions of mutation
 s - 3 potions of might
 x - 2 potions of curing
 F - a potion of haste
 K - a potion of magic
Miscellaneous
 J - a fan of gales
Comestibles
 f - 3 bread rations
 k - 3 royal jellies
 r - 2 meat rations
 A - 7 fruits


   Skills:
 + Level 6.8 Fighting
 + Level 8.5(9.7) Short Blades
 + Level 7.1(9.0) Polearms
 + Level 3.3 Throwing
 + Level 6.4 Armour
 + Level 4.0 Dodging
 + Level 1.9 Stealth
 + Level 8.7 Shields
 + Level 1.3 Evocations


You had 10 spell levels left.
You didn't know any spells.

Dungeon Overview and Level Annotations

Branches:
Dungeon (10/15)            Temple (1/1) D:4
   Lair: D:8-11         Orc: D:9-12

Altars:
Ashenzari
Cheibriados
Dithmenos
Elyvilon
Fedhas
Gozag
Hepliaklqana
Kikubaaqudgha
Makhleb
Nemelex Xobeh
Okawaru
Qazlal
Ru
Sif Muna
Trog
Uskayaw
Vehumet
Wu Jian
Xom
Yredelemnul
Zin
The Shining One

Shops:
D:8 [   D:9 (


Innate Abilities, Weirdness & Mutations

You cannot read scrolls while threatened.
You cannot study or cast Ice magic.
You cannot study or cast Necromancy magic.
You cannot study or cast Summoning magic.
[You sometimes yell uncontrollably at your foes.]
[Potions are poor at restoring your health.]


Message History

A smoke demon comes into view.
The smoke demon roars!
Found a scroll labeled PAUGIROTHRE.
A wretched star comes into view.
The wretched star glows turbulently.
The orb of energy hits you!
You feel threatened and lose the ability to read scrolls!
* * * LOW HITPOINT WARNING * * *
The orb of energy explodes!
Your system partially rejects the healing.
You feel better.
You cannot read scrolls in your current state!
You can read scrolls again.
The smoke demon gestures at you.
The sticky flame reflects off an invisible shield around you!
The sticky flame hits the smoke demon.
The smoke demon completely resists.
Found a wand of random effects (?/48).
The smoke demon gestures at you. Something smites you!
You die...

#.###.... #../....
#......# #......#
#......# #
######......# .#.
............#... #
#.@...##.. #.
#.#.###.#
###.##.####.#####
..?...3...*.......
...........#####.
#.#........#...#
#........# .# ####
#..#.........#
.#..
#........#..####
...#


You could see a smoke demon.

Vanquished Creatures
  A two-headed ogre (D:9)
  The ghost of chongming12 the Arsonist, a novice LOFE of Vehumet (D:8)
  Pikel (D:6)
  Psyche (D:9)
  A troll (D:9)
  Grinder (D:5)
  A hippogriff (D:9)
  A shadow (D:8)
  A small abomination (Abyss:2)
  Grum (D:9)
  The ghost of Fisto the Magician, an amateur NaWz of Uskayaw (D:5)
  A neqoxec (Abyss:2)
  A chaos spawn (Abyss:2)
  A hungry ghost (D:9)
  The ghost of cbox the Ducker, an amateur SEMo of Nemelex Xobeh (D:6)
  The ghost of Angani the Cutter, an amateur NLAr of Hepliaklqana (D:4)
  Duvessa (D:5)
  An orc warrior (D:9)
  A slave (D:6)
  A sky beast (D:4)
  An eye of draining (D:8)
  7 ogres
  A necrophage (D:6)
  2 black bears
  4 wolves (D:9)
  A phantom (D:8)
  2 centaurs
  3 bullfrogs
  Dowan (D:5)
  2 scorpions
  A wyvern skeleton (D:8)
  A water moccasin skeleton (D:9)
  2 killer bees (D:9)
  3 wights (D:8)
  A vampire bat (D:3)
  2 howler monkeys (D:4)
  A bullfrog zombie (D:8)
  5 crimson imps
  A quasit (D:7)
  4 jellies
  2 orc priests
  A bullfrog skeleton (D:5)
  4 hounds
  8 orc wizards
  Jessica (D:3)
  2 iguanas
  10 worker ants
  A killer bee zombie (D:9)
  A hound zombie (D:5)
  2 hound skeletons
  A worker ant zombie (D:8)
  10 adders
  7 gnolls
  3 shadow imps
  An ufetubus (Abyss:2)
  2 oozes
  An adder zombie (D:7)
  4 adder skeletons
  6 worms
  A dart slug (D:1)
  3 fire bats (D:3)
  10 leopard geckos
  27 orcs
  2 spectral bats (D:3)
  18 bats
  A bat simulacrum (D:3)
  3 bat skeletons (D:3)
  A bat zombie (D:3)
  4 giant cockroaches
  6 goblins
  11 hobgoblins
  8 jackals
  3 quokkas
  A ball python (D:4)
  8 frilled lizards
  A jackal skeleton (D:4)
  7 kobolds
  A leopard gecko skeleton (D:5)
  A quokka zombie (D:5)
  8 rats
  A rat zombie (D:5)
258 creatures vanquished.

Vanquished Creatures (collateral kills)
  A phantom (D:9)
  2 jackals (D:10)
3 creatures vanquished.

Vanquished Creatures (others)
  A slave (D:6)
  A small abomination (Abyss:2)
  A centaur (D:8)
  A killer bee (D:9)
4 creatures vanquished.

Grand Total: 265 creatures vanquished

Notes
Turn   | Place    | Note
-------+----------+-------------------------------------------
     0 | D:1      | Fisto the Human Fighter began the quest for the Orb.
     0 | D:1      | Reached XP level 1. HP: 18/18 MP: 1/1
   264 | D:1      | Reached XP level 2. HP: 24/24 MP: 2/2
   486 | D:1      | Reached XP level 3. HP: 29/29 MP: 3/3
   933 | D:1      | Reached XP level 4. HP: 35/35 MP: 4/4
  1150 | D:2      | Reached skill level 1 in Dodging
  1165 | D:1      | Reached XP level 5. HP: 21/42 MP: 5/5
  1766 | D:3      | Noticed Jessica
  1774 | D:3      | Killed Jessica
  1774 | D:3      | Reached XP level 6. HP: 41/48 MP: 6/6
  2798 | D:3      | Reached XP level 7. HP: 54/54 MP: 7/7
  3108 | D:4      | Noticed Angani's ghost (amateur NLAr)
  3132 | D:4      | Killed Angani's ghost
  3208 | D:4      | Reached skill level 5 in Short Blades
  3439 | D:4      | Reached XP level 8. HP: 54/61 MP: 8/8
  3624 | D:4      | Reached skill level 5 in Shields
  3659 | D:4      | Found a staircase to the Ecumenical Temple.
  3671 | Temple   | Entered the Ecumenical Temple
  3994 | Temple   | Became a worshipper of Ru the Awakened
  4334 | D:5      | Entered Level 5 of the Dungeon
  4343 | D:5      | Found a sparkling altar of Nemelex Xobeh.
  4518 | D:5      | Noticed Grinder
  4528 | D:5      | Paralysed by Grinder for 5 turns
  4541 | D:5      | Paralysed by Grinder for 4 turns
  4553 | D:5      | Paralysed by Grinder for 5 turns
  4573 | D:5      | Killed Grinder
  4784 | D:5      | Noticed Fisto's ghost (amateur NaWz)
  5008 | D:5      | Reached skill level 5 in Fighting
  5195 | D:5      | Noticed Duvessa
  5195 | D:5      | Noticed Dowan
  5211 | D:5      | Killed Duvessa
  5233 | D:5      | Killed Dowan
  5475 | D:5      | Killed Fisto's ghost
  5475 | D:5      | Reached XP level 9. HP: 47/68 MP: 9/9
  5730 | D:5      | Reached skill level 5 in Armour
  5731 | D:5      | Found a glowing silver altar of Zin.
  6401 | D:6      | Reached skill level 1 in Evocations
  6430 | D:6      | Gained mutation: You cannot read scrolls while threatened. [Ru sacrifice]
  6430 | D:6      | Reached * piety under Ru
  6612 | D:6      | Noticed Pikel
  6687 | D:6      | Killed Pikel
  6742 | D:6      | Reached skill level 1 in Stealth
  6943 | D:6      | Noticed cbox's ghost (amateur SEMo)
  7121 | D:6      | Killed cbox's ghost
  7546 | D:6      | Reached XP level 10. HP: 76/76 MP: 10/10
  7934 | D:7      | Reached skill level 1 in Polearms
  8111 | D:7      | Found a sparkling altar of Nemelex Xobeh.
  8358 | D:7      | Found an iron altar of Okawaru.
  8359 | D:7      | Found an ancient bone altar of Kikubaaqudgha.
  8427 | D:8      | Found Imimuze's Antique Armour Shoppe.
  8470 | D:8      | Reached skill level 1 in Throwing
  8599 | D:8      | Found a burning altar of Makhleb.
  8638 | D:8      | Found a basalt altar of Yredelemnul.
  8663 | D:8      | Noticed chongming12's ghost (novice LOFE)
  8698 | D:8      | Killed chongming12's ghost
  9251 | D:8      | Gained mutation: You cannot study or cast Ice magic. [Ru sacrifice]
  9251 | D:8      | Gained mutation: You cannot study or cast Necromancy magic. [Ru sacrifice]
  9251 | D:8      | Gained mutation: You cannot study or cast Summoning magic. [Ru sacrifice]
  9251 | D:8      | Reached ** piety under Ru
  9425 | D:8      | Reached skill level 5 in Polearms
  9583 | D:9      | Noticed a two-headed ogre
  9593 | D:9      | Killed a two-headed ogre
  9593 | D:9      | Reached XP level 11. HP: 74/83 MP: 11/11
  9778 | D:9      | Noticed Psyche
  9793 | D:9      | Killed Psyche
 10063 | D:9      | Noticed Grum
 10108 | D:9      | Killed Grum
 10477 | D:9      | Found Coabbeing's Weapon Shoppe.
 10487 | D:9      | Bought a +0 scimitar of holy wrath for 156 gold pieces
 10656 | D:9      | Found a white marble altar of Elyvilon.
 10778 | D:10     | Entered Level 10 of the Dungeon
 10818 | D:10     | Cast into level 2 of the Abyss (a distortion unwield)
 10942 | Abyss:2  | Noticed a large abomination
 10947 | Abyss:2  | Noticed a spatial maelstrom
 11030 | Abyss:2  | Noticed a worldbinder
 11060 | Abyss:2  | Noticed a wretched star
 11087 | Abyss:2  | Noticed a wretched star
 11087 | Abyss:2  | HP: 1/83 [wretched star/orb of energy (17)]
 11093 | Abyss:2  | Killed from afar by a smoke demon

Skill      XL: |  1  2  3  4  5  6  7  8  9 10 11 |
---------------+----------------------------------+-----
Short Blades   | 3 4 5 6 8 |  8.5
Dodging        | 1 2 3 4 |  4.0
Shields        | 4 5 6 7 8 |  8.7
Fighting       | 4 5 6 |  6.8
Armour         | 4 5 6 |  6.4
Evocations     | 1 |  1.3
Stealth        | 1 |  1.9
Polearms       | 5 7 |  7.1
Throwing       | 2 3 |  3.3

Action                   |  1- 3 |  4- 6 |  7- 9 | 10-12 || total
-------------------------+-------+-------+-------+-------++-------
Melee: Rapier            |    96 |   229 |   518 |       ||   843
       Short sword       |       |    34 |       |       ||    34
       Staff             |       |    20 |       |       ||    20
       Trident           |       |       |       |   521 ||   521
       Scimitar          |       |       |       |    35 ||    35
       Dagger            |       |       |       |    10 ||    10
 Fire: Blowgun           |       |       |     4 |    35 ||    39
Throw: Tomahawk          |       |       |     3 |       ||     3
Invok: Sacrifice Words   |       |       |     1 |       ||     1
       Sacrifice Arcana  |       |       |       |     1 ||     1
Evoke: Wand              |       |       |    12 |    14 ||    26
  Use: Potion            |       |     3 |     4 |     5 ||    12
       Scroll            |       |       |    15 |    11 ||    26
 Stab: Distracted        |       |       |     2 |     2 ||     4
       Confused          |       |       |       |     1 ||     1
  Eat: Chunk             |       |     4 |     6 |     2 ||    12
       Meat ration       |       |       |     1 |     3 ||     4
       Bread ration      |       |       |     1 |       ||     1
       Royal jelly       |       |       |       |     1 ||     1
Armor: Scale mail        |    45 |   184 |     2 |       ||   231
       Chain mail        |       |       |   143 |   215 ||   358
Dodge: Dodged            |    31 |   140 |   101 |   111 ||   383
Block: Shield            |    58 |   221 |   221 |   416 ||   916
       Reflection        |       |       |       |    15 ||    15
